 Dungeon Crawl Stone Soup version 0.21.1-1-g345015f (webtiles) character file.

369 inc the Changer (level 6, 25/25 HPs)
             Began as a Felid Transmuter on Feb 24, 2018.
             Was a Believer of Nemelex Xobeh.
             Quit the game on level 7 of the Dungeon.
             The game lasted 00:25:42 (7037 turns).

inc the Changer (Felid Transmuter)                  Turns: 7037, Time: 00:25:43

Health: 25/25      AC:  2    Str:  6    XL:     6   Next: 41%
Magic:  10/10      EV: 19    Int: 17    God:    Nemelex Xobeh [**....]
Gold:   245        SH:  0    Dex: 16    Spells: 2/9 levels left
                                        Lives:  0   Deaths: 2

rFire    . . .     SeeInvis +     - Unarmed
rCold    . . .     Gourm    .   (shield unavailable)
rNeg     . . .     Faith    .   (armour unavailable)
rPois    .         Spirit   .   (helmet unavailable)
rElec    .         Reflect  .   (cloak unavailable)
rCorr    +         Harm     .   (gloves unavailable)
MR       .....                  (boots unavailable)
Stlth    ++........             a - amulet of magic regeneration
HPRegen  0.08/turn              q - ring of resist corrosion
MPRegen  0.37/turn              x - +1 ring of evasion

@: quick
A: very small, no armour, no weapons or thrown items, stealth, claws 1, fangs 3,
see invisible, carnivore, speed 1, shaggy fur 2, slow metabolism 1, sharp paws
a: Renounce Religion


You were on level 7 of the Dungeon.
You worshipped Nemelex Xobeh.
Nemelex Xobeh was pleased with you.
You were not hungry.

You visited 2 branches of the dungeon, and saw 8 of its levels.

You collected 245 gold pieces.

Inventory:

Missiles
 u - 26 arrows
Jewellery
 a - an amulet of magic regeneration (around neck)
 q - a ring of resist corrosion (left paw)
 r - an uncursed amulet of rage {unknown}
 v - an uncursed amulet of guardian spirit
 x - a +1 ring of evasion (right paw)
Scrolls
 g - 8 scrolls of remove curse {unknown}
 j - a scroll of random uselessness {unknown}
 k - a scroll of fear {unknown}
 l - a scroll of magic mapping
 n - a scroll of enchant armour {unknown}
 p - a scroll of teleportation {unknown}
 t - 2 scrolls of blinking {unknown}
 C - a scroll of fog {unknown}
Potions
 d - 3 potions of curing
 e - a potion of degeneration {unknown}
 f - a potion of cancellation
 h - a potion of mutation
 i - 2 potions of agility
 m - a potion of heal wounds {unknown}
 o - a potion of flight
 s - a potion of invisibility
 z - a potion of might {unknown}
 A - 2 potions of haste {unknown}
Books
 b - a book of Changes

   Spells                             Type                      Level
   a - Beastly Appendage              Transmutation                1
   b - Sticks to Snakes               Transmutation                2
   c - Spider Form                    Transmutation/Poison         3
   d - Ice Form                       Ice/Transmutation            4
   e - Blade Hands                    Transmutation                5
 B - a book of Maledictions

   Spells                             Type                      Level
   a - Corona                         Hexes                        1
   b - Ensorcelled Hibernation        Hexes/Ice                    2
   c - Confuse                        Hexes                        3
   d - Tukima's Dance                 Hexes                        3
   e - Dazzling Spray                 Conjuration/Hexes            3
Miscellaneous
 y - a legendary deck of destruction {drawn: 2}
Comestibles
 c - 5 rations


   Skills:
 - Level 1.0 Fighting
 - Level 2.6 Dodging
 - Level 4.2 Unarmed Combat
 - Level 2.0 Spellcasting
 + Level 6.3 Transmutations
 - Level 6.0 Ice Magic
 - Level 3.2 Invocations


You had 2 spell levels left.
You knew the following spells:

 Your Spells              Type           Power        Failure   Level  Hunger
a - Beastly Appendage     Tmut           ###...       1%          1    #......
b - Sticks to Snakes      Tmut           ###.....     2%          2    ###....
c - Ice Form              Ice/Tmut       ###.....     16%         4    #####..


Dungeon Overview and Level Annotations

Branches:
Dungeon (7/15)             Temple (1/1) D:4

Altars:
Ashenzari
Dithmenos
Elyvilon
Gozag
Hepliaklqana
Kikubaaqudgha
Makhleb
Nemelex Xobeh
Okawaru
Qazlal
Ru
Sif Muna
Trog
Uskayaw
Vehumet
Yredelemnul
Zin
The Shining One

Shops:
D:4 [

Annotations:
D:2 Sigmund
D:3 Terence


Innate Abilities, Weirdness & Mutations

You cannot wear armour.
You are incapable of wielding weapons or throwing items.
Your paws allow you to move quietly. (Stealth)
You have sharp claws.
You have razor-sharp teeth.
You have supernaturally acute eyesight. (SInv)
You are carnivorous and can eat meat at any time.
You cover ground quickly.
You are covered in thick fur. (AC +2)
You have a slow metabolism.
Your sharp claws are effective at attacking unaware monsters.


Message History

The bullfrog barely misses you. The orc misses you.
Your flayed ghost hits the orc.
You scratch the bullfrog.
The bullfrog is heavily wounded.
The bullfrog barely misses you.
Your flayed ghost hits the orc!!
The orc dies!
The bullfrog hits you.
* * * LOW HITPOINT WARNING * * *
Evoke which item? (* to show all) (? for menu, Esc to quit)
Okay, then.
You scratch the bullfrog.
The bullfrog is severely wounded.
The bullfrog hits you!
You die...
Your shape twists and changes as you die.
Your flayed ghost misses the bullfrog.
You are now level 6!
Your horns disappear.
You rejoin the land of the living...
Are you sure you want to abandon this character and quit the game? (Confirm with "yes".)

)................#
.......).........#
........).#.######
.................#
....รท..........).#
.................#
.................#
#######..........#
#.........@#
#..........#
#######..........#
#................#
#.#####.###+######
#.# #.# ..# #.# ###
#.# #.#


There were no monsters in sight!

Vanquished Creatures
  2 bullfrogs (D:6)
  A water moccasin skeleton (D:7)
  A howler monkey (D:4)
  A crimson imp (D:5)
  A bullfrog skeleton (D:7)
  A jelly (D:6)
  An orc priest (D:3)
  2 orc wizards (D:7)
  A worker ant (D:6)
  A worker ant zombie (D:7)
  4 adders
  3 worms
  4 leopard geckos
  8 orcs
  A bat (D:2)
  4 giant cockroaches
  6 goblins
  4 hobgoblins
  11 jackals
  7 kobolds
  2 quokkas (D:4)
  2 ball pythons
  3 frilled lizards
  A rat (D:2)
72 creatures vanquished.

Vanquished Creatures (collateral kills)
  2 orc warriors
  3 ice beasts
  An ogre (D:4)
  2 bullfrogs (D:7)
  3 scorpions
  3 hounds
  An orc priest (D:4)
  4 orc wizards
  A worker ant (D:6)
  3 gnolls (D:2)
  2 adders (D:2)
  An ooze (D:2)
  A leopard gecko (D:6)
  6 orcs
  A hobgoblin (D:3)
  5 jackals
  A frilled lizard (D:2)
  A kobold (D:2)
41 creatures vanquished.

Vanquished Creatures (others)
  A centaur (D:7)
  An ogre (D:7)
  A scorpion (D:7)
  A howler monkey (D:7)
  Jessica (D:3)
  An orc (D:3)
6 creatures vanquished.

Grand Total: 119 creatures vanquished

Notes
Turn   | Place    | Note
-------+----------+-------------------------------------------
     0 | D:1      | inc the Felid Transmuter began the quest for the Orb.
     0 | D:1      | Reached XP level 1. HP: 9/9 MP: 4/4
   430 | D:1      | Reached XP level 2. HP: 12/12 MP: 6/6
   658 | D:2      | Learned a level 2 spell: Sticks to Snakes
   906 | D:2      | Reached XP level 3. HP: 15/15 MP: 0/7
  1022 | D:2      | Noticed Sigmund
  1252 | D:4      | Noticed a scorpion
  1338 | D:4      | Found a staircase to the Ecumenical Temple.
  1347 | Temple   | Entered the Ecumenical Temple
  1481 | Temple   | Became a worshipper of Nemelex Xobeh the Trickster
  1531 | D:4      | Noticed a scorpion
  1540 | D:4      | Killed a scorpion
  1540 | D:4      | Reached XP level 4. HP: 19/19 MP: 1/8
  1545 | D:4      | Received a gift from Nemelex Xobeh
  2030 | D:2      | Learned a level 4 spell: Ice Form
  2250 | D:3      | Reached skill level 1 in Invocations
  2748 | D:3      | Reached XP level 5. HP: 22/22 MP: 7/9
  2768 | D:3      | Noticed Jessica
  2776 | D:3      | Killed Jessica
  2798 | D:3      | Noticed Terence
  3040 | D:4      | Found Luill's Antique Armour Boutique.
  3111 | D:4      | Reached * piety under Nemelex Xobeh
  3111 | D:4      | Received a gift from Nemelex Xobeh
  3113 | D:4      | Found a sacrificial altar of Ru.
  3266 | D:4      | Reached skill level 1 in Ice Magic
  3409 | D:4      | Noticed an ogre
  3412 | D:4      | Noticed a wyvern
  3414 | D:4      | Killed an ogre
  3414 | D:4      | Gained mutation: You are covered in thick fur. (AC +2) [Felid growth]
  3414 | D:4      | Reached XP level 6. HP: 20/25 MP: 10/10
  4189 | D:5      | Entered Level 5 of the Dungeon
  4310 | D:5      | Found a bloodstained altar of Trog.
  5019 | D:6      | Noticed an ice beast
  5024 | D:6      | Killed an ice beast
  5024 | D:6      | Reached XP level 7. HP: 28/28 MP: 11/11
  5106 | D:6      | Reached ** piety under Nemelex Xobeh
  5106 | D:6      | Received a gift from Nemelex Xobeh
  5499 | D:6      | Reached skill level 5 in Ice Magic
  5590 | D:6      | Found a bloodstained altar of Trog.
  5596 | D:6      | Noticed a hellwing
  6119 | D:7      | Received a gift from Nemelex Xobeh
  6569 | D:7      | Noticed a wyvern
  6580 | D:7      | Reached skill level 5 in Transmutations
  6612 | D:7      | Slain by an orc warrior
  6613 | D:7      | Reached XP level 6. HP: -3/25 MP: 10/10
  6616 | D:7      | Killed an orc warrior
  6616 | D:7      | Reached XP level 7. HP: 28/28 MP: 11/11
  6826 | D:7      | Noticed a wyvern
  6826 | D:7      | Noticed a wyvern
  7036 | D:7      | Slain by a bullfrog
  7037 | D:7      | Reached XP level 6. HP: -3/25 MP: 10/10
  7037 | D:7      | Quit the game

Skill      XL: |  1  2  3  4  5  6  7 |
---------------+----------------------+-----
Unarmed Combat | 4 |  4.2
Transmutations | 3 4 6 |  6.3
Invocations    | 2 3 |  3.2
Ice Magic      | 2 4 6 |  6.0
Fighting       | |  1.0
Dodging        | |  2.6
Spellcasting   | |  2.0

Action                   |  1- 3 |  4- 6 |  7- 9 || total
-------------------------+-------+-------+-------++-------
Melee: Unarmed           |    43 |   157 |   105 ||   305
       Headbutt          |     2 |    20 |     7 ||    29
       Bite              |       |    10 |    12 ||    22
       Punch             |       |     3 |     2 ||     5
 Cast: Sticks to Snakes  |    10 |     2 |       ||    12
       Beastly Appendage |     4 |    18 |    12 ||    34
Evoke: Deck              |       |    17 |    10 ||    27
  Use: Scroll            |     4 |     2 |     2 ||     8
       Potion            |       |     2 |       ||     2
 Stab: Sleeping          |     2 |     2 |     1 ||     5
       Distracted        |     1 |       |       ||     1
       Invisible         |       |     1 |       ||     1
       Paralysed         |       |     1 |       ||     1
  Eat: Chunk             |     6 |    10 |     1 ||    17
Armor: Skin              |     5 |     9 |    12 ||    26
Dodge: Dodged            |    38 |   141 |   102 ||   281
